 Dungeon Crawl Stone Soup version 0.21.1-1-g345015f (webtiles) character file.

54 Fang the Skirmisher (level 3, 0/24 HPs)
             Began as a Gargoyle Berserker on Apr 26, 2018.
             Was a Believer of Trog.
             Slain by an adder (2 damage)
             ... on level 2 of the Dungeon on Apr 27, 2018.
             The game lasted 00:01:20 (1280 turns).

Fang the Skirmisher (Gargoyle Berserker)            Turns: 1280, Time: 00:01:20

Health: 0/24       AC:  5    Str: 21    XL:     3   Next: 91%
Magic:  3/3        EV: 12    Int:  7    God:    Trog [**....]
Gold:   86         SH:  0    Dex:  9    Spells: 2/2 levels left

rFire    . . .     SeeInvis .   a - +0 hand axe
rCold    . . .     Gourm    .   (no shield)
rNeg     + . .     Faith    .   b - +0 animal skin
rPois    ∞         Spirit   .   (no helmet)
rElec    +         Reflect  .   (no cloak)
rCorr    .         Harm     .   (no gloves)
MR       .....                  (no boots)
Stlth    +.........             (no amulet)
HPRegen  0.08/turn              (no ring)
MPRegen  0.08/turn              (no ring)

@: no status effects
A: negative energy resistance 1, electricity resistance, unbreathing,
petrification resistance, rot immunity, AC +3
a: Berserk, Trog's Hand, Burn Spellbooks, Renounce Religion


You were on level 2 of the Dungeon.
You worshipped Trog.
Trog was pleased with you.
You were not hungry.

You visited 1 branch of the dungeon, and saw 2 of its levels.

You collected 86 gold pieces.

Inventory:

Hand Weapons
 a - a +0 hand axe (weapon)
Armour
 b - a +0 animal skin (worn)
Scrolls
 d - 2 scrolls of identify {unknown}
 e - 4 scrolls of amnesia {unknown}
 g - 2 scrolls of teleportation {unknown}
 h - a scroll of fog {unknown}
Potions
 f - a potion of berserk rage {unknown}
Comestibles
 c - 4 rations
 i - a chunk of flesh


   Skills:
 + Level 3.8 Fighting
 + Level 3.6 Axes
 + Level 2.5 Armour
 + Level 1.7 Dodging


You had 2 spell levels left.
You didn't know any spells.

Dungeon Overview and Level Annotations

Branches:
Dungeon (2/15)

Altars:
Ashenzari
Okawaru


Innate Abilities, Weirdness & Mutations

You are resistant to torment.
Your stone body is resilient. (AC +3)
You are immune to poison.
You resist negative energy. (rN+)
You are resistant to electric shocks. (rElec)
You can survive without breathing.
You are immune to petrification.
You are immune to rotting.


Message History

The adder is heavily wounded.
The adder bites you.
* * * LOW HITPOINT WARNING * * *
The adder closely misses you.
You miss the adder.
The adder is heavily wounded.
The adder misses you.
You hit the adder.
The adder is almost dead.
The adder bites you but does no damage. x2
You completely miss the adder.
The adder is almost dead.
The adder bites you but does no damage.
You closely miss the adder.
The adder is almost dead.
The adder misses you. The adder barely misses you.
You barely miss the adder.
The adder is almost dead.
The adder bites you.
You die...

..##### .# #......# #..
#.#... ...###......### ##
#.#.# ###...#.........
###...##.........÷....##.
.........#######......# #
......#### ##..####
......### ######..#
........# #.......##
###.†##.## #....@>.(#
###.....###....S....#
##.................#....
#.....##.b..............
#####.....####..#######.#
##..#.# #.. .# ##..#.#
#.. ##.....# ...
#..##......


You could see an adder and a bat.

Vanquished Creatures
  2 adders (D:2)
  An ooze (D:1)
  A dart slug (D:2)
  2 leopard geckos (D:1)
  2 giant cockroaches (D:1)
  2 goblins
  4 hobgoblins (D:1)
  2 kobolds (D:1)
  A quokka (D:2)
  A ball python (D:1)
  2 bats
  2 frilled lizards (D:1)
  6 rats
28 creatures vanquished.

Notes
Turn   | Place    | Note
-------+----------+-------------------------------------------
     0 | D:1      | Fang the Gargoyle Berserker began the quest for the Orb.
     0 | D:1      | Reached XP level 1. HP: 14/14 MP: 1/1
    72 | D:1      | Found a shattered altar of Ashenzari.
   162 | D:1      | Reached XP level 2. HP: 14/19 MP: 2/2
   415 | D:1      | Reached XP level 3. HP: 9/23 MP: 3/3
  1140 | D:2      | Reached ** piety under Trog
  1176 | D:2      | Found an iron altar of Okawaru.
  1280 | D:2      | Slain by an adder

Skill      XL: |  1  2 |
---------------+-------+-----
Axes           | 3 |  3.6
Fighting       | |  3.8
Armour         | |  2.5
Dodging        | |  1.7

Action                   || total
-------------------------++-------
Melee: Hand axe          ||   130
  Eat: Chunk             ||     1
Armor: Animal skin       ||    49
Dodge: Dodged            ||    86
